 Dungeon Crawl Stone Soup version 0.21-a0-401-g0b6bec4 (webtiles) character file.

45 tidbits the Charmwright (level 3, 3/31 HPs)
             Began as a Gnoll Skald on Oct 22, 2017.
             Quit the game on level 2 of the Dungeon.
             The game lasted 00:05:03 (675 turns).

tidbits the Charmwright (Gnoll Skald)                Turns: 675, Time: 00:05:03

Health: 3/31       AC:  6    Str: 13    XL:     3   Next: 64%
Magic:  1/9        EV: 12    Int: 16    God:
Gold:   39         SH:  0    Dex: 14    Spells: 1/12 levels left

rFire    . . .     SeeInvis .   b - +2 whip (elec)
rCold    . . .     Gourm    .   (no shield)
rNeg     . . .     Faith    .   B - +0 ring mail (curse)
rPois    .         Spirit   .   (no helmet)
rElec    .         Reflect  .   (no cloak)
rCorr    .         Harm     .   (no gloves)
MR       +....                  F - +0 pair of boots
Stlth    +.........             (no amulet)
HPRegen  1.10/turn              m - ring of protection from magic
MPRegen  0.11/turn              (no ring)

@: very slightly contaminated, regenerating (expiring)
A: distributed training, fangs 1, strong nose
a: no special abilities


You were on level 2 of the Dungeon.
You were not hungry.

You visited 1 branch of the dungeon, and saw 3 of its levels.

You collected 39 gold pieces.

Inventory:

Hand Weapons
 a - a +0 hand axe
 b - a +2 whip of electrocution (weapon)
   (You took it off a kobold on level 2 of the Dungeon)
 p - a cursed -3 mace
Missiles
 h - 39 stones
 k - 24 sling bullets
 o - 36 arrows
 r - 6 javelins (quivered)
 s - 44 bolts
Armour
 v - a +0 leather armour
 B - a cursed +0 ring mail (worn)
 F - a +0 pair of boots (worn)
Jewellery
 m - a ring of protection from magic (left hand)
   (You found it on level 2 of the Dungeon)
Scrolls
 g - a scroll of amnesia {unknown}
 j - 7 scrolls of identify {unknown}
 l - a scroll of magic mapping {unknown}
 q - a scroll of remove curse {unknown}
Potions
 e - 3 potions of curing {unknown}
 i - 2 potions of lignification {unknown}
 n - a potion of might {unknown}
 t - a potion of agility {unknown}
 u - a potion of ambrosia {unknown}
Books
 c - a book of Battle

   Spells                             Type                      Level
   a - Infusion                       Charms                       1
   b - Shroud of Golubria             Charms/Translocation         2
   c - Song of Slaying                Charms                       2
   d - Spectral Weapon                Hexes/Charms                 3
   e - Regeneration                   Charms/Necromancy            3
Comestibles
 d - 3 bread rations
 f - 2 meat rations


   Skills:
 + Level 4.5 Fighting
 + Level 0.8 Short Blades
 + Level 0.8 Long Blades
 + Level 4.5 Axes
 + Level 0.8 Maces & Flails
 + Level 0.8 Polearms
 + Level 0.8 Staves
 + Level 0.8 Slings
 + Level 0.8 Bows
 + Level 0.8 Crossbows
 + Level 0.8 Throwing
 + Level 2.6 Armour
 + Level 4.5 Dodging
 + Level 0.8 Stealth
 + Level 0.8 Shields
 + Level 0.8 Unarmed Combat
 + Level 5.0 Spellcasting
 + Level 0.5 Conjurations
 + Level 0.5 Hexes
 + Level 5.4 Charms
 + Level 0.5 Summonings
 + Level 0.5 Necromancy
 + Level 0.5 Translocations
 + Level 0.5 Transmutations
 + Level 0.5 Fire Magic
 + Level 0.5 Ice Magic
 + Level 0.5 Air Magic
 + Level 0.5 Earth Magic
 + Level 0.5 Poison Magic
 + Level 1.0 Invocations
 + Level 0.8 Evocations


You had one spell level left.
You knew the following spells:

 Your Spells              Type           Power        Failure   Level  Hunger
g - Shroud of Golubria    Chrm/Tloc      ##........   14%         2    #......
i - Infusion              Chrm           ###.         3%          1    None
r - Regeneration          Chrm/Necr      ##........   26%         3    ###....
w - Spectral Weapon       Hex/Chrm       ##......     26%         3    ###....
y - Song of Slaying       Chrm           ###.....     4%          2    #......


Dungeon Overview and Level Annotations

Branches:
Dungeon (3/15)

Altars:


Innate Abilities, Weirdness & Mutations

Your experience applies equally to all skills.
You have very sharp teeth.
Your uncanny sense of smell can sniff out nearby items.


Message History

Confirm with . or Enter, or press ? or * to list all spells.
You don't have enough magic to cast that spell.
You barely miss the kobold. Your bite misses the kobold.
Your ring mail prevents you from hitting the kobold.
You closely miss the kobold. You barely miss the kobold.
The kobold hits you but does no damage. The kobold closely misses you.
The kobold hits you but does no damage. The kobold closely misses you.
You barely miss the kobold. You hit the kobold. x3
The kobold hits you but does no damage.
You are electrocuted!
Ouch! That really hurt!
* * * LOW HITPOINT WARNING * * *
The kobold barely misses you. The kobold hits you.
* * * LOW HITPOINT WARNING * * *
The kobold misses you.
You closely miss the kobold.
Your ring mail prevents you from hitting the kobold.
You hit the kobold.
You kill the kobold!
You closely miss the kobold.
The kobold hits you but does no damage. x2
The kobold hits you with a whip.
* * * LOW HITPOINT WARNING * * *
You hit the kobold but do no damage. You bite the kobold.
The kobold is moderately wounded.
You hit the kobold. x2
You kill the kobold!
The kobold completely misses you. The kobold closely misses you.
You closely miss the kobold.
The kobold is moderately wounded.
You hit the kobold.
You kill the kobold!
The kobold misses you.
You hit the kobold.
The kobold is heavily wounded.
The kobold hits you with a whip.
* * * LOW HITPOINT WARNING * * *
You hit the kobold.
The kobold is severely wounded.
The kobold hits you but does no damage.
You closely miss the kobold.
The kobold is severely wounded.
The kobold barely misses you.
You hit the kobold.
You kill the kobold!
You see here a whip of electrocution.
v - a whip of electrocution
Things that are here:
2 stones; a kobold corpse
Casting: Spectral Weapon
Confirm with . or Enter, or press ? or * to list all spells.
You miscast Regeneration.
Nothing appears to happen.
You see here 10 stones.
h - 39 stones (gained 10)
You open the door.
There is an open door here.
You hear a shout!
A kobold comes into view.
Your song is almost over.
Wield which item (- for none, * to show all)? (? for menu, Esc to quit)
You hear the crackle of electricity.
v - a +2 whip of electrocution (weapon)
You barely miss the kobold. Your bite misses the kobold.
The kobold barely misses you.
You whack the kobold!
You kill the kobold!
Your song has ended.
Adjust (i)tems, (s)pells, or (a)bilities?
Adjust which item? (? for menu, Esc to quit)
v - a +2 whip of electrocution (weapon)
Adjust to which letter? (? for menu, Esc to quit)
b - a +2 whip of electrocution (weapon);
v - a +0 leather armour You see here a kobold corpse.
Casting: Regeneration
Confirm with . or Enter, or press ? or * to list all spells.
Your skin crawls.
You hear a distant slurping noise.
The door mysteriously vanishes.
A jelly comes into view.
Your skin is crawling a little less now.
The jelly barely misses you.
You hit the jelly.
Your hands burn!
* * * LOW HITPOINT WARNING * * *
The jelly is lightly wounded.
The jelly closely misses you.
You whack the jelly!
Your hands burn!
* * * LOW HITPOINT WARNING * * *
The jelly is heavily wounded.
The jelly hits you.
* * * LOW HITPOINT WARNING * * *
You are splashed with acid!
The acid burns!
* * * LOW HITPOINT WARNING * * *
You barely miss the jelly.
The jelly is heavily wounded.
The jelly hits you but does no damage. The jelly barely misses you.
You hit the jelly.
Your hands burn!
* * * LOW HITPOINT WARNING * * *
The jelly is heavily wounded.
The jelly hits you but does no damage.
Are you sure you want to abandon this character and quit the game? (Confirm with "yes".)

........#########.......#
#.#.. #####.### #########
#.#.. #.# ### #.#.. ##.#
#######†## ∆ ∆ #.#..
#..###....#.#.# ∆ #....
#..##.....#.#.# ∆
######.. #..').....#'#.#
∆ #.......
#..'........#.# ###.....
##.'.(......#@#∆ #....###
#.##.......#J# ∆ #....# #
#####......##. #....###
######## #.∆ #....... ##
###...÷. #########.##.
#............
##..##.####... #......#
#...


You could see a jelly.

Vanquished Creatures
  2 adders (D:2)
  6 bats
  A giant cockroach (D:1)
  3 goblins
  2 hobgoblins
  3 frilled lizards
  7 kobolds
  5 rats
29 creatures vanquished.

Vanquished Creatures (others)
  12 toadstools (D:2)
12 creatures vanquished.

Grand Total: 41 creatures vanquished

Notes
Turn   | Place    | Note
-------+----------+-------------------------------------------
     0 | D:1      | tidbits the Gnoll Skald began the quest for the Orb.
     0 | D:1      | Reached XP level 1. HP: 20/20 MP: 6/6
   110 | D:1      | Reached XP level 2. HP: 26/26 MP: 3/7
   120 | D:1      | Learned a level 2 spell: Song of Slaying
   123 | D:1      | Learned a level 2 spell: Shroud of Golubria
   234 | D:2      | Reached skill level 5 in Spellcasting
   234 | D:2      | Reached XP level 3. HP: 31/31 MP: 0/9
   242 | D:2      | Learned a level 3 spell: Regeneration
   246 | D:2      | Learned a level 3 spell: Spectral Weapon
   482 | D:2      | Reached skill level 1 in Invocations
   672 | D:2      | HP: 1/31 [acid (8)]
   675 | D:2      | Quit the game

Vault maps used:
D:1:      minmay_arrival_four_houses
D:2:      cheibrodos_fertilizer
D:3:      kennysheep_big_flooded_room, first_bread

Skill      XL: |  1  2  3 |
---------------+----------+-----
Spellcasting   | 5 |  5.0
Invocations    | 1 |  1.0
Fighting       | |  4.5
Short Blades   | |  0.8
Long Blades    | |  0.8
Axes           | |  4.5
Maces & Flails | |  0.8
Polearms       | |  0.8
Staves         | |  0.8
Slings         | |  0.8
Bows           | |  0.8
Crossbows      | |  0.8
Throwing       | |  0.8
Armour         | |  2.6
Dodging        | |  4.5
Stealth        | |  0.8
Shields        | |  0.8
Unarmed Combat | |  0.8
Conjurations   | |  0.5
Hexes          | |  0.5
Charms         | |  5.4
Summonings     | |  0.5
Necromancy     | |  0.5
Translocations | |  0.5
Transmutations | |  0.5
Fire Magic     | |  0.5
Ice Magic      | |  0.5
Air Magic      | |  0.5
Earth Magic    | |  0.5
Poison Magic   | |  0.5
Evocations     | |  0.8

Action                   || total
-------------------------++-------
Melee: Hand axe          ||    58
       Bite              ||     2
       Whip              ||     6
 Cast: Infusion          ||    10
       Regeneration      ||     1
       Song of Slaying   ||     1
 Stab: Sleeping          ||     1
Armor: Leather armour    ||     5
       Ring mail         ||    22
Dodge: Dodged            ||    58

Table legend:
 A = Spawn XP
 B = Non-spawn XP
 C = Spawn XP percentage of total XP
 D = Spawn monster count
 E = Non-spawn monster count
 F = Spawn count percentage of total count
 G = Total turns spent on level
                    A         B        C        D         E        F      G
               +---------+---------+-------+---------+---------+-------+---------
         Total |       0 |      65 |   0.0 |       0 |      29 |   0.0 |   675
               +---------+---------+-------+---------+---------+-------+---------
           D:1 |       0 |      15 |   0.0 |       0 |      10 |   0.0 |   185
           D:2 |       0 |      50 |   0.0 |       0 |      19 |   0.0 |   473
               +---------+---------+-------+---------+---------+-------+---------

Table legend:
 A = Turns spent in this place as a percentage of turns spent in the entire game.
 B = Non-inter-level travel turns spent in this place as a percentage of non-inter-level travel turns spent in the entire game.
 C = Inter-level travel turns spent in this place as a percentage of turns spent in this place.
 D = Turns resting spent in this place as a percentage of non-inter-level travel turns spent in this place.
 E = Turns spent auto-exploring this place as a percentage of non-inter-level travel turns spent in this place.
 F = Non-inter-level travel turns spent in this place divided by the number of levels of this place that you've seen.
                   A       B       C       D       E      F
               +-------+-------+-------+-------+-------+----------------------
         Total | 100.0 | 100.0 |   4.9 |   0.0 |   0.0 | 214.0
       Dungeon | 100.0 | 100.0 |   4.9 |   0.0 |   0.0 | 214.0
               +-------+-------+-------+-------+-------+----------------------

Table legend:
 A = Kills in this place as a percentage of kills in entire the game.
 B = Kills by you in this place as a percentage of kills by you in the entire game.
 C = Kills by friends in this place as a percentage of kills by friends in the entire game.
 D = Other kills in this place as a percentage of other kills in the entire game.
 E = Experience gained in this place as a percentage of experience gained in the entire game.
 F = Experience gained in this place divided by the number of levels of this place that you have seen.
                   A       B       C       D       E      F
               +-------+-------+-------+-------+-------+----------------------
         Total | 100.0 | 100.0 |   N/A |   N/A | 100.0 |  21.7
       Dungeon | 100.0 | 100.0 |   N/A |   N/A | 100.0 |  21.7
               +-------+-------+-------+-------+-------+----------------------

Vault maps used:
D:1:      minmay_arrival_four_houses
D:2:      cheibrodos_fertilizer
D:3:      kennysheep_big_flooded_room, first_bread
